 Dungeon Crawl Stone Soup version 0.31-a0-210-gccc998df9b (webtiles) character file.

Game seed: 14833094418463729574

2342 qw the Cleaver (level 9, 0/55 HPs)
             Began as a Gargoyle Fighter on June 29, 2023.
             Was a Follower of Okawaru.
             Slain by a howler monkey (3 damage)
             ... on level 8 of the Dungeon.
             The game lasted 00:03:15 (6681 turns).

qw the Cleaver (Gargoyle Fighter)                   Turns: 6681, Time: 00:03:15

Health: 0/55       AC: 25    Str: 29    XL:     9   Next: 43%
Magic:  10/12      EV:  9    Int: 10    God:    Okawaru [*.....]
Gold:   250        SH:  5    Dex:  9    Spells: 8/8 levels left

rFire   . . .        Y - +1 war axe
rCold   . . .        c - +0 buckler
rNeg    + . .        s - +0 plate armour
rPois   inf          (no helmet)
rElec   +            q - +1 cloak
rCorr   .            i - +0 pair of gloves
SInv    .            (no boots)
Will    .....        (no amulet) Stlth
                     u - +6 ring of strength
HPRegen 0.29/turn    (no ring)
MPRegen 0.13/turn

%: no passive effects
@: heroic
A: sickness immunity, AC +6, negative energy resistance 1, electricity
resistance, torment resistance 1, petrification resistance
a: Renounce Religion, Heroism


You were on level 8 of the Dungeon.
You worshipped Okawaru.
Okawaru was aware of your devotion.
You visited 2 branches of the dungeon, and saw 9 of its levels.

You collected 400 gold pieces.
You spent 150 gold pieces at shops.


Innate Abilities, Weirdness & Mutations

You are immune to sickness and miasma.
Your stone body is resilient. (AC +6)
You are immune to poison.
You resist negative energy. (rN+)
You are resistant to electric shocks. (rElec)
You are resistant to unholy torment.
You are immune to petrification.


   Skills:
 - Level 6.0(11.0) Fighting
 - Level 9.1(14.1) Axes
 - Level 1.1(6.1) Throwing
 - Level 5.4(10.4) Armour
 - Level 1.1(6.1) Dodging
 + Level 3.2(8.2) Shields
 - Level 4.0 Invocations


You had 8 spell levels left.
You didn't know any spells.
Your spell library was empty.

Inventory:

Hand Weapons
 n - a +1 morningstar of protection
 Y - a +1 war axe (weapon)
Armour
 c - a +0 buckler (worn)
 i - a +0 pair of gloves (worn)
 j - the +0 robe "Salorag" {rC++ rCorr}
   (You found it on level 2 of the Dungeon)

   rC:        It greatly protects you from cold.
   rCorr:     It protects you from acid and corrosion.
 q - a +1 cloak (worn)
 s - a +0 plate armour (worn)
Jewellery
 g - a ring of ice
 u - a +6 ring of strength (left hand)
Scrolls
 f - a scroll of identify
Potions
 a - a potion of haste
 b - a potion of mutation {unknown}
 d - 4 potions of might
 e - 2 potions of enlightenment
 h - a potion of lignification
 k - a potion of magic
 l - 3 potions of curing
 m - a potion of cancellation
 p - a potion of invisibility {unknown}
 r - a potion of degeneration {unknown}

Dungeon Overview and Level Annotations

Branches:
Dungeon (8/15)             Temple (1/1) D:4
   Lair: D:8-11

Altars:
Ashenzari
Cheibriados
Dithmenos
Elyvilon
Fedhas
Gozag
Kikubaaqudgha
Makhleb
Nemelex Xobeh
Okawaru
Qazlal
Ru
Sif Muna
Trog
Uskayaw
Vehumet
Wu Jian
Xom
Yredelemnul
Zin
The Shining One

Shops:
D:5 *(

Annotations:
D:5 exclusion: hound
D:7 1 runed translucent door, Crazy Yiuf


Message History

The yak gores you.
A black bear comes into view.
The yak gores you but does no damage.
The black bear growls angrily.
You hit the yak.
The yak is moderately wounded.
You slash the yak! You hit the yak but do no damage. You slash the yak!
You completely miss the yak. You hit the yak but do no damage.
The yak gores you but does no damage. The yak barely misses you.
The yak gores you!
The yak gores you but does no damage. x2
You block the yak's attack.
You slice the yak!!
The yak is severely wounded.
You barely miss the yak. You slash the yak! x3; You hit the yak.
A wyvern comes into view.
You slash the yak!
You kill the yak!
Okawaru accepts your kill.
You completely miss the yak. You slash the yak! x2
You kill the yak!
Okawaru accepts your kill.
You closely miss the yak. You hit the yak.
The yak gores you but does no damage. x2; You block the yak's attack.
The yak gores you!
Your base Axes skill increases to level 9!
You slash the yak!
The yak is almost dead.
You completely miss the yak. x2; You hit the yak but do no damage.
You slash the howler monkey! The yak barely misses you.
The yak closely misses you. The yak gores you but does no damage.
The yak closely misses you.
The howler monkey hoots and howls with incredible vigour!
You hear a shout!
You hit the yak.
The yak is almost dead.
You hit the yak. You hit the howler monkey. You slash the yak!
You barely miss the yak. The yak gores you. You block the yak's attack.
The yak closely misses you. The yak gores you but does no damage.
The howler monkey hits you.
You die...

........
....... #.....#
#####
#.....##....#
#.l........# .
#.h.......##
...#..YYY......
.P....Y@%......
.....#h.##...##
... ##..##...##
. #..<.......
#..........
##..##...##
#+## ...# ..#
...


You could see 4 yaks, a black bear, a wyvern and a howler monkey (catching
breath).

Vanquished Creatures
  3 yaks (D:8)
  An ice beast (D:7)
  An ogre (D:5)
  2 centaurs (D:7)
  2 phantoms
  2 scorpions
  A bullfrog (D:6)
  9 wights (D:6)
  3 howler monkeys (D:7)
  2 hounds
  3 sleepcaps
  A gnoll bouda (D:6)
  4 jellies
  3 iguanas
  5 orc wizards
  4 adders
  3 gnolls (D:6)
  A white imp (D:7)
  2 ufetubi
  3 dart slugs
  9 orcs
  5 bats
  5 endoplasms
  2 giant cockroaches
  7 goblins
  3 hobgoblins
  5 jackals
  8 quokkas
  11 ball pythons
  2 frilled lizards (D:2)
  6 kobolds
  2 rats
120 creatures vanquished.

Notes
Turn   | Place    | Note
-------+----------+-------------------------------------------
     0 | D:1      | qw the Gargoyle Fighter began the quest for the Orb.
     0 | D:1      | Reached XP level 1. HP: 14/14 MP: 1/1
     0 | D:1      | 0 ||| qw: Version: 0.3-a-24-ga2abf7b
     0 | D:1      | 0 ||| qw: Game counter: 6931
     0 | D:1      | 0 ||| qw: Melee chars always use a shield: true
     0 | D:1      | 0 ||| qw: God list: Okawaru
     0 | D:1      | 0 ||| qw: Allow faded altars: false
     0 | D:1      | 0 ||| qw: Do Orc after clearing Dungeon:15 true
     0 | D:1      | 0 ||| qw: Do second Lair branch before Depths: true
     0 | D:1      | 0 ||| qw: Lair rune preference: random
     0 | D:1      | 0 ||| qw: Goals: Normal, Zot:1-4, Slime:5, God:TSO, Crypt,
                  | Tomb, Abyss, Pan, Hells, Win
     0 | D:1      | 0 ||| PLANNING D:1-11
    51 | D:1      | 51 ||| FLEEEEING.
    52 | D:1      | 52 ||| FLEEEEING.
    54 | D:1      | 54 ||| FLEEEEING.
    55 | D:1      | 55 ||| FLEEEEING.
    56 | D:1      | 56 ||| FLEEEEING.
    64 | D:1      | Reached skill level 2 in Axes
   126 | D:1      | Reached XP level 2. HP: 19/19 MP: 2/2
   128 | D:1      | 128 ||| DROPPING +0 whip.
   672 | D:1      | Reached skill level 3 in Axes
   761 | D:1      | 761 ||| READING scroll labelled HECUXT CINWAI.
   862 | D:1      | 862 ||| READING scroll labelled KISTRO VIUBBEUJ.
   863 | D:1      | 863 ||| READING scroll labelled SOUV RUNNIXZYP.
   864 | D:1      | 864 ||| READING scroll labelled ENOL ADUCU.
   928 | D:2      | Reached XP level 3. HP: 23/23 MP: 3/3
  1290 | D:2      | 1290 ||| Stepping ~*~*~tactically~*~*~ (stealth).
  1354 | D:2      | 1354 ||| DROPPING +0 whip of electrocution.
  1388 | D:2      | Identified the +0 robe "Salorag" {rC++ rCorr}
  1428 | D:2      | Reached XP level 4. HP: 28/28 MP: 4/4
  1956 | D:3      | 1956 ||| DRINKING 2 bubbling golden potions.
  1957 | D:3      | 1957 ||| DRINKING 2 amethyst potions.
  1958 | D:3      | 1958 ||| READING 4 scrolls of identify.
  1958 | D:3      | 1958 ||| IDENTIFYING fizzy pink potion
  1959 | D:3      | 1959 ||| READING 3 scrolls of identify.
  1959 | D:3      | 1959 ||| IDENTIFYING cyan potion
  1960 | D:3      | 1960 ||| READING 2 scrolls of identify.
  1960 | D:3      | 1960 ||| IDENTIFYING blue potion
  2029 | D:3      | Reached skill level 4 in Axes
  2230 | D:3      | Found a faded altar of an unknown god.
  2474 | D:4      | 2474 ||| Stepping ~*~*~tactically~*~*~ (hiding).
  2475 | D:4      | 2475 ||| Stepping ~*~*~tactically~*~*~ (hiding).
  2524 | D:4      | 2524 ||| Stepping ~*~*~tactically~*~*~ (stealth).
  2530 | D:4      | Reached XP level 5. HP: 28/32 MP: 5/5
  2600 | D:4      | Reached skill level 5 in Axes
  2709 | D:4      | 2709 ||| Stepping ~*~*~tactically~*~*~ (stealth).
  2710 | D:4      | 2710 ||| Stepping ~*~*~tactically~*~*~ (stealth).
  2929 | D:4      | Found a staircase to the Ecumenical Temple.
  2930 | D:4      | 2930 ||| PLANNING TEMPLE
  2930 | D:4      | 2930 ||| UPGRADING to +0 plate armour.
  2940 | D:4      | 2940 ||| DROPPING +0 scale mail.
  2941 | D:4      | 2941 ||| READING scroll labelled OGAGRI WEPS.
  2942 | D:4      | 2942 ||| READING 2 scrolls of identify.
  2942 | D:4      | 2942 ||| IDENTIFYING pink potion
  2951 | Temple   | Entered the Ecumenical Temple
  2952 | Temple   | 2952 ||| PLANNING OKAWARU WORSHIP
  3492 | Temple   | Became a worshipper of Warmaster Okawaru
  3493 | Temple   | 3493 ||| PLANNING D:1-11
  3574 | D:4      | Reached skill level 1 in Throwing
  3574 | D:4      | Reached XP level 6. HP: 37/38 MP: 6/6
  3588 | D:4      | Found a shadowy altar of Dithmenos.
  3589 | D:4      | Found an ancient bone altar of Kikubaaqudgha.
  3590 | D:4      | Found a white marble altar of Elyvilon.
  3632 | D:4      | 3632 ||| READING scroll labelled IXUT QEBEDURCHATHO.
  3636 | D:4      | 3636 ||| READING 2 scrolls of identify.
  3636 | D:4      | 3636 ||| IDENTIFYING yellow potion
  3641 | D:5      | Entered Level 5 of the Dungeon
  4143 | D:5      | Noticed an angel
  4145 | D:5      | Found a glowing silver altar of Zin.
  4148 | D:5      | Found a shimmering altar of Xom.
  4164 | D:5      | Found Laixaasa's General Store.
  4172 | D:5      | 4172 ||| SHOPLISTING amulet of regeneration (360 gold, have
                  | 281).
  4172 | D:5      | 4172 ||| BUYING potion of heal wounds (60 gold).
  4172 | D:5      | Bought a potion of heal wounds for 60 gold pieces
  4172 | D:5      | 4172 ||| BUYING scroll of enchant weapon (90 gold).
  4172 | D:5      | Bought a scroll of enchant weapon for 90 gold pieces
  4172 | D:5      | 4172 ||| READING scroll of enchant weapon.
  4172 | D:5      | 4172 ||| ENCHANTING +0 war axe.
  4202 | D:5      | Found Sith's Weapon Emporium.
  4208 | D:5      | Reached skill level 6 in Axes
  4208 | D:5      | Reached XP level 7. HP: 41/43 MP: 7/7
  4239 | D:5      | Found a sparkling altar of Nemelex Xobeh.
  4255 | D:5      | 4255 ||| UPGRADING to +0 cloak.
  4352 | D:5      | 4352 ||| UPGRADING to +6 ring of strength.
  4353 | D:5      | 4353 ||| READING scroll labelled TYIXTU FIU.
  4354 | D:5      | 4354 ||| READING 2 scrolls of identify.
  4354 | D:5      | 4354 ||| IDENTIFYING bubbling white potion
  4355 | D:5      | 4355 ||| DROPPING potion of brilliance.
  4372 | D:6      | 4372 ||| Stepping ~*~*~tactically~*~*~ (hiding).
  4373 | D:6      | 4373 ||| Stepping ~*~*~tactically~*~*~ (hiding).
  4375 | D:6      | 4375 ||| Stepping ~*~*~tactically~*~*~ (hiding).
  4383 | D:6      | Reached skill level 1 in Dodging
  4385 | D:6      | Reached * piety under Okawaru
  4388 | D:6      | 4388 ||| INVOKING Heroism.
  4396 | D:6      | HP: 6/43 [wight/+5 spear of freezing (9)]
  4397 | D:6      | 4397 ||| DRINKING 2 potions of heal wounds.
  4399 | D:6      | 4399 ||| INVOKING Heroism.
  4401 | D:6      | HP: 10/43 [wight/+5 spear of freezing (5)]
  4402 | D:6      | 4402 ||| DRINKING potion of heal wounds.
  4410 | D:6      | Reached skill level 7 in Axes
  4677 | D:6      | Reached skill level 1 in Invocations
  4709 | D:6      | Reached XP level 8. HP: 36/49 MP: 7/9
  4715 | D:6      | 4715 ||| INVOKING Heroism.
  4832 | D:6      | 4832 ||| Stepping ~*~*~tactically~*~*~ (hiding).
  4837 | D:6      | Reached skill level 3 in Invocations
  4838 | D:6      | 4838 ||| FLEEEEING.
  4841 | D:6      | 4841 ||| FLEEEEING.
  4843 | D:6      | 4843 ||| FLEEEEING.
  4844 | D:6      | 4844 ||| FLEEEEING.
  4845 | D:6      | 4845 ||| FLEEEEING.
  4846 | D:6      | 4846 ||| FLEEEEING.
  4847 | D:6      | 4847 ||| FLEEEEING.
  4848 | D:6      | 4848 ||| FLEEEEING.
  4849 | D:6      | 4849 ||| FLEEEEING.
  4850 | D:6      | 4850 ||| STAIRDANCE
  4866 | D:5      | 4866 ||| READING scroll labelled VANEAB FYECK.
  4882 | D:6      | 4882 ||| Stepping ~*~*~tactically~*~*~ (stealth).
  4940 | D:6      | 4940 ||| INVOKING Heroism.
  4941 | D:6      | 4941 ||| Stepping ~*~*~tactically~*~*~ (hiding).
  5138 | D:6      | 5138 ||| INVOKING Heroism.
  5271 | D:6      | 5271 ||| READING scroll labelled HUAHEE TORO.
  5393 | D:7      | 5393 ||| INVOKING Heroism.
  5407 | D:7      | Reached skill level 8 in Axes
  5573 | D:7      | 5573 ||| DROPPING +0 flail.
  5593 | D:7      | Found a hide-covered altar of Uskayaw.
  5635 | D:7      | Found a runed translucent door.
  5636 | D:7      | Noticed Crazy Yiuf
  5736 | D:7      | 5736 ||| Stepping ~*~*~tactically~*~*~ (hiding).
  5739 | D:7      | 5739 ||| Stepping ~*~*~tactically~*~*~ (hiding).
  5740 | D:7      | 5740 ||| Stepping ~*~*~tactically~*~*~ (hiding).
  5868 | D:7      | Reached skill level 6 in Fighting
  5960 | D:7      | Reached XP level 9. HP: 38/55 MP: 12/12
  5960 | D:7      | 5960 ||| INVOKING Heroism.
  6055 | D:7      | 6055 ||| READING scroll of enchant armour.
  6055 | D:7      | 6055 ||| ENCHANTING +0 cloak.
  6059 | D:7      | Identified the +5 short sword "Hiogyr" {protect, Will+
                  | Str+5}
  6060 | D:7      | 6060 ||| Stepping ~*~*~tactically~*~*~ (stealth).
  6065 | D:7      | 6065 ||| DRINKING 6 potions of curing.
  6065 | D:7      | 6065 ||| (to cure confusion)
  6068 | D:7      | 6068 ||| DRINKING 5 potions of curing.
  6068 | D:7      | 6068 ||| (to cure confusion)
  6071 | D:7      | 6071 ||| DRINKING 4 potions of curing.
  6071 | D:7      | 6071 ||| (to cure confusion)
  6295 | D:7      | Found a glowing golden altar of the Shining One.
  6354 | D:7      | 6354 ||| Stepping ~*~*~tactically~*~*~ (stealth).
  6600 | D:7      | 6600 ||| UPGRADING to +0 pair of gloves.
  6648 | D:8      | 6648 ||| INVOKING Heroism.
  6675 | D:8      | 6675 ||| INVOKING Heroism.
  6679 | D:8      | HP: 7/55 [yak (8)]
  6680 | D:8      | Reached skill level 9 in Axes
  6681 | D:8      | HP: 3/55 [yak (5)]
  6681 | D:8      | Slain by a howler monkey

Levels and vault maps discovered:
D:1:      evilmike_arrival_home_sweet_home, layout_basic
D:2:      layout_loops_ring, mrwooster_statue_mirror
D:3:      layout_loops_ring, hellmonk_ecumenical_altar_run_dry,
          serial_park_tiny_1, minmay_puff
D:4:      layout_basic, chequers_temple_overflow_statue_of_worship,
          minmay_temple_entry_gardened_gates
D:5:      layout_gridville, grunt_temple_overflow_order_and_chaos_1,
          mainiacjoe_overflow_brackets, serial_shops, shop,
          nicolae_shop_advertising_works [nicolae_subvault_shop_adworks]
D:6:      layout_gridville
D:7:      layout_layer_cave, mainiacjoe_overflow_alcove_1,
          nicolae_uskayaw_dance_hall, uniq_crazy_yiuf_cottage
D:8:      layout_gridville, david_lair_generic
Temple:   compressed_dpeg_triangle_lava_temple

Skill      XL: |  1  2  3  4  5  6  7  8  9 |
---------------+----------------------------+-----
Axes           | 2 3 4 5 6 7 8 9 |  9.1
Throwing       | 1 |  1.1
Fighting       | 4 5 6 |  6.0
Dodging        | 1 |  1.1
Invocations    | 1 4 |  4.0
Armour         | 4 5 |  5.4
Shields        | |  3.2

Action                     |  1- 3 |  4- 6 |  7- 9 || total
---------------------------+-------+-------+-------++-------
  Melee: War axe           |   103 |   111 |   195 ||   409
  Throw: Javelin           |       |    18 |     3 ||    21
 Invoke: Heroism           |       |       |     9 ||     9
    Use: Scroll            |     4 |     8 |     5 ||    17
         Potion            |       |     2 |     5 ||     7
 Armour: Scale mail        |    47 |    36 |       ||    83
         Plate armour      |       |     8 |   115 ||   123
  Dodge: Dodged            |    46 |    53 |    67 ||   166
  Block: Buckler           |    22 |    18 |    41 ||    81

Table legend:
 A = Non-vault XP
 B = Vault XP
 C = Vault XP percentage of total XP
 D = Non-vault monster count
 E = Vault monster count
 F = Vault count percentage of total count
                 A         B        C        D         E       F
            +---------+---------+-------+---------+---------+-------
      Total |    3329 |      18 |   0.5 |     117 |       3 |   2.5
            +---------+---------+-------+---------+---------+-------
        D:1 |      31 |       0 |   0.0 |      17 |       0 |   0.0
        D:2 |      57 |       0 |   0.0 |      20 |       0 |   0.0
        D:3 |       6 |      18 |  75.0 |       3 |       3 |  50.0
        D:4 |     235 |       0 |   0.0 |      22 |       0 |   0.0
        D:5 |     334 |       0 |   0.0 |       8 |       0 |   0.0
        D:6 |    1221 |       0 |   0.0 |      24 |       0 |   0.0
        D:7 |     774 |       0 |   0.0 |      19 |       0 |   0.0
        D:8 |     671 |       0 |   0.0 |       4 |       0 |   0.0
            +---------+---------+-------+---------+---------+-------
